[Event "*** MasterClass Titled Tuesday Blitz"]
[Site "Chess.com"]
[Date "2017.10.03"]
[Round "7"]
[White "Sethu0025"]
[Black "pKiLz5Rn9b"]
[Result "1-0"]
[WhiteElo "2646"]
[BlackElo "2541"]
[TimeControl "180+2"]
[EndTime "14:32:22 PDT"]
[Termination "Sethu0025 won by resignation"]

1. Nf3 Nf6 2. g3 d5 3. Bg2 e6 4. O-O Be7 5. d4 O-O 6. c4 b6 7. cxd5 exd5 8. Nc3 Bb7 9. Ne5 Na6 10. Bf4 c5 11.
Rc1 Re8 12. e3 h6 13. h4 Ne4 14. Nxe4 dxe4 15. Bxh6 gxh6 16. Qg4+ Kf8 17. Nd7+ Qxd7 18. Qxd7 Bc8 19. Qc6 Be6 20. d5 Nb4 21. Qa4 Bxd5 22.
a3 Nd3 23. Bxe4 Bxe4 24. Qxe4 Nxc1 25. Rxc1 Kg7 26. Qg4+ Kh8 27. Qf5 Kg7 28. Rc4 Rg8 29.
Re4 Rae8 30. Rf4 f6 31. Qh5 Kh7 32. Qf7+ Kh8 33. Re4 Rgf8 34. Qg6 f5 35. Qxh6+ Kg8 36. Re6 1-0

[Event "*** MasterClass Titled Tuesday Blitz"]
[Site "Chess.com"]
[Date "2017.10.03"]
[Round "7"]
[White "Laico"]
[Black "nutibara"]
[Result "1-0"]
[WhiteElo "2136"]
[BlackElo "2276"]
[TimeControl "180+2"]
[EndTime "14:32:30 PDT"]
[Termination "Laico won by resignation"]

1. e4 c5 2. Nc3 e6 3. f4 d5 4. Nf3 dxe4 5. Nxe4 Nc6 6. Bb5 Bd7 7.
O-O Nh6 8. b3 Be7 9. Bb2 O-O 10.
Qe2 Nf5 11. Bxc6 Bxc6 12. Rad1 b6 13. Ne5 Bb7 14. c3 Qd5 15. d3 Rad8 16. c4 Nd4 17.
Qf2 Qxe5 18. fxe5 Bxe4 19. dxe4 Rd7 20. Kh1 Bg5 21. Bxd4 Rfd8 22. Be3 Rxd1 23. Qxf7+ Kh8 24. Bxg5 1-0

[Event "*** MasterClass Titled Tuesday Blitz"]
[Site "Chess.com"]
[Date "2017.10.03"]
[Round "7"]
[White "josiwales"]
[Black "chessdjw"]
[Result "0-1"]
[WhiteElo "2345"]
[BlackElo "2277"]
[TimeControl "180+2"]
[EndTime "14:32:48 PDT"]
[Termination "chessdjw won by resignation"]

1. e4 e5 2. Nf3 Nc6 3. Bc4 Bc5 4.
O-O Nf6 5. d4 Bxd4 6. Nxd4 Nxd4 7. f4 d6 8. fxe5 dxe5 9. Bg5 Qe7 10. Nd2 Ne6 11. Bxf6 gxf6 12. c3 Rg8 13. Kh1 Nf4 14. g3 Bh3 15. Rf2 Bg4 16. Qa4+ Bd7 17. Qb3 Nh3 18.
Rff1 O-O-O 19. Bxf7 Rg4 20. Nc4 Bc6 21. Be6+ Qxe6 22.
Nb6+ Kb8 0-1

[Event "*** MasterClass Titled Tuesday Blitz"]
[Site "Chess.com"]
[Date "2017.10.03"]
[Round "7"]
[White "maciek_92"]
[Black "MITerryble"]
[Result "0-1"]
[WhiteElo "2533"]
[BlackElo "2634"]
[TimeControl "180+2"]
[EndTime "14:32:56 PDT"]
[Termination "MITerryble won by resignation"]

1. e4 e6 2. d4 d5 3. Nd2 Be7 4.
Ngf3 Nf6 5. Bd3 c5 6. exd5 Nxd5 7. dxc5 Nd7 8. Nb3 Nxc5 9. Nxc5 Bxc5 10. c3 Qc7 11. O-O O-O 12. Qc2 h6 13. b3 b6 14.
Bb2 Bb7 15. Rfe1 Nf4 16. Be4 Rac8 17. c4 Bxe4 18. Rxe4 Ng6 19. Rg4 Bd6 20. Re1 Bb4 21.
Rxe6 fxe6 22. Qxg6 Rf7 23. Qxh6 Rd8 24. Bd4 e5 25.
Ng5 gxh6 26. Ne6+ Kh7 0-1

[Event "*** MasterClass Titled Tuesday Blitz"]
[Site "Chess.com"]
[Date "2017.10.03"]
[Round "7"]
[White "SabinaFoisor"]
[Black "nubair1198"]
[Result "1/2-1/2"]
[WhiteElo "2302"]
[BlackElo "2412"]
[TimeControl "180+2"]
[EndTime "14:33:20 PDT"]
[Termination "Game drawn by repetition"]

1. d4 Nf6 2. c4 g6 3. Nc3 Bg7 4. Nf3 d6 5. Bg5 O-O 6. e3 h6 7. Bh4 Nbd7 8. Be2 e5 9. O-O g5 10. Bg3 Nh5 11. dxe5 Nxg3 12. hxg3 Nxe5 13. Nxe5 dxe5 14.
g4 c6 15. Bf3 Be6 16. Qe2 Qa5 17. Ne4 Rfd8 18. b3 Qb4 19. Rad1 a5 20. Rxd8+ Rxd8 21. Rd1 Rxd1+ 22. Qxd1 a4 23. Qd8+ Kh7 24. Nf6+ Bxf6 25. Qxf6 Kg8 26. Qxh6 Qe1+ 27. Kh2 Qxf2 28. Qxg5+ Kf8 29. Qd8+ Kg7 30. Qg5+ Kf8 31. Qd8+ Kg7 32.
Qg5+ Kf8 33. Qd8+ Kg7 34. Qg5+ 1/2-1/2

[Event "*** MasterClass Titled Tuesday Blitz"]
[Site "Chess.com"]
[Date "2017.10.03"]
[Round "7"]
[White "Hrant_ChessMood"]
[Black "Hanging_pointer"]
[Result "1-0"]
[WhiteElo "2742"]
[BlackElo "2359"]
[TimeControl "180+2"]
[EndTime "14:33:31 PDT"]
[Termination "Hrant_ChessMood won by checkmate"]

1. d4 Nf6 2. Nf3 d5 3. c4 e6 4. Nc3 dxc4 5. e4 Bb4 6. Bxc4 Nxe4 7. O-O Bxc3 8. bxc3 Nf6 9. Ba3 Bd7 10. Re1 Bc6 11. Ne5 Bd5 12. Bf1 Nbd7 13. c4 Be4 14. Qb3 b6 15.
Rad1 Rb8 16. Qg3 Nh5 17. Qh3 Bg6 18. Nc6 Qc8 19. Rxe6+ fxe6 20. Qxe6# 1-0

[Event "*** MasterClass Titled Tuesday Blitz"]
[Site "Chess.com"]
[Date "2017.10.03"]
[Round "7"]
[White "ChessWarrior7197"]
[Black "Mbneu"]
[Result "1-0"]
[WhiteElo "2643"]
[BlackElo "2207"]
[TimeControl "180+2"]
[EndTime "14:33:43 PDT"]
[Termination "ChessWarrior7197 won by resignation"]

1. d4 d5 2. c4 e6 3. Nf3 c5 4.
cxd5 exd5 5. g3 Nc6 6. Bg2 Nf6 7. O-O Be7 8. Nc3 O-O 9. b3 Ne4 10. Bb2 Bf6 11. e3 cxd4 12. Nxd4 Nxd4 13. exd4 Bf5 14.
Re1 Re8 15. Rc1 Bg5 16. Ra1 Rc8 17. Nxe4 dxe4 18. h4 e3 19. hxg5 exf2+ 20. Kxf2 Rc2+ 21. Kg1 Rxe1+ 22. Qxe1 Rxb2 23. Qe5 Rd2 24. Qxf5 Qxd4+ 25. Kh2 g6 26. Qf6 Qb2 1-0

[Event "*** MasterClass Titled Tuesday Blitz"]
[Site "Chess.com"]
[Date "2017.10.03"]
[Round "7"]
[White "pastouche06"]
[Black "JammyDodger91"]
[Result "0-1"]
[WhiteElo "2278"]
[BlackElo "2411"]
[TimeControl "180+2"]
[EndTime "14:33:49 PDT"]
[Termination "JammyDodger91 won by resignation"]

1. e4 g6 2. Nc3 Bg7 3. d4 d6 4. Be3 a6 5. f3 b5 6. Qd2 Bb7 7. h4 h6 8. Nh3 Nd7 9. h5 g5 10. O-O-O Ngf6 11. Kb1 Nb6 12. Qf2 Rc8 13. e5 Nfd5 14. Ne4 Nxe3 15. Qxe3 dxe5 16. Be2 exd4 17. Qd2 Bxe4 18. fxe4 Nc4 19. Bxc4 bxc4 20. Qb4 O-O 21. Qxc4 c5 22. Rhf1 Rb8 23. Qxc5 Qd7 24. b3 Rfc8 25.
Qf5 e6 26. Qf3 Qe7 27. Qd3 Qa3 28. Nf2 Rc3 29. Qd2 d3 30. Nxd3 Rxd3 31. cxd3 Rxb3+ 32. axb3 Qa1+ 0-1

[Event "*** MasterClass Titled Tuesday Blitz"]
[Site "Chess.com"]
[Date "2017.10.03"]
[Round "7"]
[White "Taron_Shagbazyan"]
[Black "cheese111"]
[Result "1-0"]
[WhiteElo "2509"]
[BlackElo "2369"]
[TimeControl "180+2"]
[EndTime "14:33:52 PDT"]
[Termination "Taron_Shagbazyan won by resignation"]

1. d4 Nf6 2. c4 g6 3. Nc3 Bg7 4. g3 O-O 5. Bg2 d6 6. e3 e5 7. Nge2 c6 8. O-O Re8 9. b3 Bf5 10. d5 cxd5 11. Nxd5 Nxd5 12. Qxd5 Nc6 13. Ba3 Bf8 14. Rad1 Bg4 15. Rfe1 Qf6 16. h3 Bf5 17.
Nc3 Red8 18. g4 Be6 19. Qb5 Rd7 20. Bxc6 bxc6 21. Qxc6 Rad8 22. Qg2 Qh4 23. Nd5 h5 24. e4 hxg4 25. hxg4 Bg7 26. f3 Bh6 27. Bc1 Kg7 28. g5 1-0

[Event "*** MasterClass Titled Tuesday Blitz"]
[Site "Chess.com"]
[Date "2017.10.03"]
[Round "7"]
[White "TamNguyen2"]
[Black "XeresLt"]
[Result "0-1"]
[WhiteElo "2212"]
[BlackElo "2268"]
[TimeControl "180+2"]
[EndTime "14:34:07 PDT"]
[Termination "XeresLt won by resignation"]

1. c4 Nf6 2. Nf3 g6 3. g3 Bg7 4. Bg2 O-O 5. O-O d6 6. Nc3 Nc6 7. d3 e5 8. Rb1 Re8 9. Bg5 a5 10. a3 h6 11. Bxf6 Bxf6 12. b4 axb4 13. axb4 Ra3 14. Qc1 Rxc3 15. Qxc3 e4 16. Qc1 exf3 17. Bxf3 Nd4 18. Kg2 Nxe2 19. Qd2 Nd4 20. Bd5 c6 21. Be4 d5 22. cxd5 cxd5 23. Bf3 Nxf3 24. Kxf3 Bh3 25. Rfe1 Rxe1 26. Rxe1 Qd7 27. Ke2 Kg7 28. f3 Be6 29. Kf2 Bd4+ 30. Kg2 h5 31. h4 Qd6 32. Rc1 Qe5 33. Re1 Qf5 34. Rxe6 0-1

[Event "*** MasterClass Titled Tuesday Blitz"]
[Site "Chess.com"]
[Date "2017.10.03"]
[Round "7"]
[White "TregubovP"]
[Black "Tibmat"]
[Result "1-0"]
[WhiteElo "2500"]
[BlackElo "2391"]
[TimeControl "180+2"]
[EndTime "14:34:08 PDT"]
[Termination "TregubovP won by resignation"]

1. d4 Nf6 2. c4 b6 3. Nc3 Bb7 4. d5 e6 5. a3 Bd6 6. e4 O-O 7. Bd3 c6 8. Nge2 exd5 9. cxd5 cxd5 10. exd5 Na6 11. O-O h6 12. Bf4 Qb8 13. Bxd6 Qxd6 14. Ng3 Rfe8 15. Nf5 Qf8 16. Qf3 Nc5 17. Bc2 Re5 18.
Nxh6+ gxh6 19. Qxf6 Qg7 20. Qf3 Ne6 21. Rad1 Re8 22. h4 Nc7 23. Rd4 Kh8 24. Rg4 1-0

[Event "*** MasterClass Titled Tuesday Blitz"]
[Site "Chess.com"]
[Date "2017.10.03"]
[Round "7"]
[White "guilhermedeola"]
[Black "evgenysharapov"]
[Result "0-1"]
[WhiteElo "2060"]
[BlackElo "2263"]
[TimeControl "180+2"]
[EndTime "14:34:13 PDT"]
[Termination "evgenysharapov won by resignation"]

1. d4 d5 2. c4 c6 3. Nf3 Nf6 4. Nc3 e6 5. e3 Nbd7 6. Qc2 Bd6 7.
Bd3 O-O 8. O-O e5 9. cxd5 cxd5 10. Nb5 Bb8 11. dxe5 Nxe5 12. Nxe5 Bxe5 13. Nd4 Be6 14.
b3 Qd6 15. h3 Rac8 16. Qd2 Bxd4 17. exd4 Ne4 18. Qb2 Bf5 19. Bxe4 Bxe4 20. Be3 Rc2 21. Qb1 Qg6 22. g3 Rxf2 23. Bxf2 Bxb1 24. Raxb1 Re8 25. Rbc1 h5 26. Rc5 h4 27. g4 Qd3 28. Kg2 Re2 29. Rxd5 Qg3+ 0-1

[Event "*** MasterClass Titled Tuesday Blitz"]
[Site "Chess.com"]
[Date "2017.10.03"]
[Round "7"]
[White "joppie2"]
[Black "VladDobrov"]
[Result "1-0"]
[WhiteElo "2593"]
[BlackElo "2615"]
[TimeControl "180+2"]
[EndTime "14:34:17 PDT"]
[Termination "joppie2 won by resignation"]

1. e4 c5 2. Nf3 d6 3. d4 cxd4 4. Nxd4 Nf6 5. Nc3 a6 6. Bc4 e6 7. Bb3 Nbd7 8. f4 Nc5 9. e5 Nfd7 10. Be3 b5 11. exd6 Bb7 12. O-O b4 13. f5 bxc3 14. fxe6 fxe6 15. Nxe6 Nxe6 16. Bxe6 Qh4 17. Bxd7+ Kxd7 18. Rf7+ Ke6 19. Rxb7 Qe4 20. Bc5 Rc8 21. Qe1 Qxe1+ 22.
Rxe1+ Kd5 23. b4 Rd8 24. Rd1+ Ke6 25. d7 a5 26. Bxf8 Rhxf8 27. bxa5 Rf4 28. a6 Ra4 29. a7 Ke7 30. Re1+ Kd6 31. Re8 1-0

[Event "*** MasterClass Titled Tuesday Blitz"]
[Site "Chess.com"]
[Date "2017.10.03"]
[Round "7"]
[White "ka1ser64"]
[Black "manubibi"]
[Result "1-0"]
[WhiteElo "2327"]
[BlackElo "2339"]
[TimeControl "180+2"]
[EndTime "14:34:30 PDT"]
[Termination "ka1ser64 won by resignation"]

1. d4 Nf6 2. c4 g6 3. Nc3 Bg7 4. e4 d6 5. Nf3 O-O 6. Be2 e5 7.
O-O exd4 8. Nxd4 Re8 9. f3 Nc6 10. Nc2 a5 11. Bg5 h6 12. Be3 Nb4 13. Nd4 c6 14.
Qd2 Kh7 15. Rad1 d5 16. cxd5 cxd5 17. Bb5 Bd7 18. a3 Nc6 19. exd5 Nxd4 20. Bxd4 Bxb5 21.
Nxb5 Qxd5 22. Nc7 Qb3 23. Nxa8 Rxa8 24. Qc3 Qxc3 25. Bxc3 b5 26. Rfe1 Kg8 27. Re7 b4 28.
axb4 axb4 29. Bxb4 Bf8 30. Rb7 Bxb4 31. Rxb4 Rc8 32. Rd2 h5 33. Rbd4 Rc1+ 34. Kf2 Kg7 35. Rd1 Rc2+ 36. R4d2 Rc4 37. Rb1 Rb4 38. Ke3 g5 39. b3 Kg6 40. Rd4 Rb5 41. Kd3 h4 42.
Kc4 Re5 43. b4 Re2 44. b5 Rxg2 45. b6 Rc2+ 46. Kd3 Rc8 47. b7 Rb8 48. Rc4 Nd7 49. Rc8 Kf5 50. Rxb8 Nxb8 51. Rc1 Kf4 52. Ke2 f5 53.
Rc4+ Ke5 54. Rc8 Na6 55. b8=Q+ Nxb8 56. Rxb8 g4 57. fxg4 fxg4 58. Rh8 Kf4 59. Rxh4 1-0

[Event "*** MasterClass Titled Tuesday Blitz"]
[Site "Chess.com"]
[Date "2017.10.03"]
[Round "7"]
[White "Andrjywa"]
[Black "kleinebeer98"]
[Result "0-1"]
[WhiteElo "2337"]
[BlackElo "2502"]
[TimeControl "180+2"]
[EndTime "14:34:35 PDT"]
[Termination "kleinebeer98 won by resignation"]

1. e4 e5 2. Nf3 Nc6 3. d4 exd4 4. c3 d5 5. exd5 Qxd5 6. cxd4 Bg4 7. Be2 O-O-O 8.
Nc3 Qh5 9. Be3 Nf6 10. O-O Bd6 11. h3 Rhe8 12. Re1 Kb8 13. Ng5 Bxe2 14. Qxe2 Qg6 15.
Qf3 h6 16. d5 Ne5 17. Bxa7+ Kxa7 18. Nb5+ Kb8 19. Qe3 Qxg5 20. Qa7+ Kc8 21. Re3 Nxd5 22.
Rb3 Nb6 23. Rc3 Nc6 24. Rxc6 bxc6 25. Rd1 Bh2+ 0-1

[Event "*** MasterClass Titled Tuesday Blitz"]
[Site "Chess.com"]
[Date "2017.10.03"]
[Round "7"]
[White "NTBT_DHS"]
[Black "petrpalachev"]
[Result "0-1"]
[WhiteElo "2516"]
[BlackElo "2604"]
[TimeControl "180+2"]
[EndTime "14:34:43 PDT"]
[Termination "petrpalachev won by resignation"]

1. d4 d5 2. c4 e6 3. Nf3 Nf6 4. g3 dxc4 5. Bg2 a6 6. O-O Nc6 7. Nc3 Rb8 8. e4 Be7 9. d5 Nb4 10.
Ne5 exd5 11. exd5 Bf5 12. Nxc4 O-O 13. Ne3 Bg6 14. Qb3 Nd3 15. Rd1 Bd6 16. Ne2 Nc5 17. Qc4 Re8 18. Nd4 Qd7 19. b4 Nce4 20. Bb2 Ng5 21.
h4 Nh3+ 22. Kf1 Rxe3 23. fxe3 Ng4 24. Ke2 Nhf2 25. Rd2 Re8 26. Kf1 Nxe3+ 0-1

[Event "*** MasterClass Titled Tuesday Blitz"]
[Site "Chess.com"]
[Date "2017.10.03"]
[Round "7"]
[White "Fandorine"]
[Black "MisaPap"]
[Result "0-1"]
[WhiteElo "2610"]
[BlackElo "2513"]
[TimeControl "180+2"]
[EndTime "14:34:43 PDT"]
[Termination "MisaPap won on time"]

1. d4 Nf6 2. c4 c5 3. d5 b5 4. cxb5 a6 5. Nc3 axb5 6. e4 b4 7. Nb5 d6 8. Qc2 g6 9. a4 Bg7 10. Nf3 O-O 11. Be2 b3 12. Qxb3 Nxe4 13. O-O Nd7 14. Re1 Nef6 15. Bg5 h6 16. Bxf6 Nxf6 17. Nd2 Bb7 18. Bf3 Qd7 19. Rad1 Qd8 20. Nc4 Nd7 21. Nbxd6 exd6 22. Qxb7 Ne5 23. Nxe5 Bxe5 24.
Rxe5 dxe5 25. d6 Rxa4 26. Qd5 Rd4 27. Rxd4 exd4 28. Qxc5 Qf6 29. d7 Rd8 30. Bc6 d3 31. Qd5 d2 32. Ba4 Qxb2 33. Bd1 Qc1 0-1

[Event "*** MasterClass Titled Tuesday Blitz"]
[Site "Chess.com"]
[Date "2017.10.03"]
[Round "7"]
[White "WanderingPuppet"]
[Black "Zufi1811"]
[Result "0-1"]
[WhiteElo "2320"]
[BlackElo "2444"]
[TimeControl "180+2"]
[EndTime "14:34:44 PDT"]
[Termination "Zufi1811 won by checkmate"]

1. e4 c5 2. Nf3 d6 3. d4 cxd4 4. Nxd4 Nf6 5. Nc3 a6 6. h4 e5 7. Nb3 Be6 8. f4 Qc7 9. f5 Bc4 10. Bxc4 Qxc4 11. Qe2 Qxe2+ 12. Kxe2 Nbd7 13. Be3 Rc8 14.
a4 d5 15. exd5 Bb4 16. Rad1 Bxc3 17. bxc3 Rxc3 18. Na5 Rxc2+ 19. Kf3 O-O 20. Nxb7 Rb8 21. Nd6 Rb3 22. Rc1 Rxc1 23. Rxc1 h5 24. Kf2 Ng4+ 25.
Kg1 Rxe3 26. Rc8+ Kh7 27. Nxf7 Re1# 0-1

[Event "*** MasterClass Titled Tuesday Blitz"]
[Site "Chess.com"]
[Date "2017.10.03"]
[Round "7"]
[White "Blitzstream"]
[Black "IMVoja"]
[Result "1-0"]
[WhiteElo "2496"]
[BlackElo "2398"]
[TimeControl "180+2"]
[EndTime "14:34:46 PDT"]
[Termination "Blitzstream won by resignation"]

1. g4 h5 2. g5 g6 3. h4 Bg7 4. Nf3 d6 5. d4 Nc6 6. c4 e5 7.
dxe5 Nxe5 8. Nxe5 Bxe5 9. Nc3 Ne7 10. f4 Bg7 11. e4 O-O 12. Be3 Re8 13. Qd2 c6 14.
O-O-O Qa5 15. Bd4 Bg4 16. Bxg7 Kxg7 17. Be2 Bxe2 18. Qxe2 Rad8 19. f5 Nxf5 20. Qf2 Ne7 21. Rhf1 Qe5 22. Qf6+ Kg8 23. Qxf7+ Kh8 24. Rf6 Rf8 25.
Qxf8+ Rxf8 26. Rxf8+ Kg7 27. Rdf1 Ng8 28. R1f7+ Kh8 29.
Rxb7 Qd4 30. Rbb8 Qg1+ 31. Kc2 1-0

[Event "*** MasterClass Titled Tuesday Blitz"]
[Site "Chess.com"]
[Date "2017.10.03"]
[Round "7"]
[White "ehrenfeld"]
[Black "Kawhi_Leonard2"]
[Result "1-0"]
[WhiteElo "2339"]
[BlackElo "2239"]
[TimeControl "180+2"]
[EndTime "14:34:50 PDT"]
[Termination "ehrenfeld won by resignation"]

1. e4 c5 2. Nf3 d6 3. Bc4 Nc6 4. c3 g6 5. h3 Bg7 6. d4 cxd4 7. cxd4 Nf6 8. Nc3 O-O 9. Bb3 b5 10. O-O b4 11. Ne2 Bb7 12. Ng3 a5 13. Bg5 h6 14.
Be3 Rc8 15. Qd2 Kh7 16. Qe2 e6 17. Rad1 Ne7 18. Bc2 Qc7 19. Bd3 Rfd8 20. Rfe1 d5 21. e5 Ne4 22. Nh2 Nxg3 23. fxg3 Qb6 24. Rf1 Nf5 25.
Bxf5 exf5 26. g4 Ba6 27. Qf2 Bxf1 28. Rxf1 fxg4 29. Nxg4 Rc7 30. Qh4 h5 31. Nf6+ Bxf6 32. Rxf6 Rc6 33. Rxf7+ Kg8 34. Qe7 Rc1+ 35. Kh2 1-0

[Event "*** MasterClass Titled Tuesday Blitz"]
[Site "Chess.com"]
[Date "2017.10.03"]
[Round "7"]
[White "Muisback26"]
[Black "GrigorGrigorov"]
[Result "1/2-1/2"]
[WhiteElo "2706"]
[BlackElo "2728"]
[TimeControl "180+2"]
[EndTime "14:34:59 PDT"]
[Termination "Game drawn by repetition"]

1. e4 g6 2. d4 Bg7 3. Nc3 c6 4. Nf3 d6 5. Be3 Nf6 6. Qd2 O-O 7. Bh6 Bg4 8. Bxg7 Kxg7 9. Nh4 e5 10. h3 Be6 11.
Nf3 Qc7 12. g4 Re8 13. O-O-O b5 14. Bd3 b4 15. Ne2 c5 16. d5 Bd7 17. c4 bxc3 18. Nxc3 c4 19. Bb1 Na6 20. Qe3 Rab8 21. Rd2 Nc5 22.
Nh4 Qd8 23. Nf3 Qc7 24. Nh4 Qd8 25. Nf3 Qc7 26. Nh4 Qd8 1/2-1/2

[Event "*** MasterClass Titled Tuesday Blitz"]
[Site "Chess.com"]
[Date "2017.10.03"]
[Round "7"]
[White "Too_Stupid_To_Play"]
[Black "Induwara_IM"]
[Result "0-1"]
[WhiteElo "2146"]
[BlackElo "2457"]
[TimeControl "180+2"]
[EndTime "14:35:05 PDT"]
[Termination "Induwara_IM won by resignation"]

1. Nf3 d5 2. c4 c6 3. g3 g6 4. Bg2 Bg7 5. O-O Nf6 6. d4 O-O 7. Nc3 dxc4 8. Ne5 Ng4 9. f4 Nxe5 10. fxe5 c5 11. e3 Nc6 12. Bd5 Bh3 13. Rf4 e6 14. Bxc4 g5 15. Rf2 cxd4 16. exd4 Qxd4 17. Qxd4 Nxd4 18. Bxg5 Bxe5 19. Re1 Bg7 20. Ne4 f6 21.
Be3 Rad8 22. Nc5 Rfe8 23. Nxb7 Rb8 24. Nd6 Re7 25. Bxd4 Rd8 26. Bc5 Rc7 27. b4 a5 28.
a3 axb4 29. axb4 Rxd6 30. Bxd6 Rxc4 31. b5 Rd4 32. Bc5 Rd5 33. Rc2 f5 34. b6 Rxc5 35. b7 Bd4+ 36. Rf2 Rb5 37. Rd1 Bxf2+ 38. Kxf2 Rxb7 39. Rd6 Kf7 0-1

[Event "*** MasterClass Titled Tuesday Blitz"]
[Site "Chess.com"]
[Date "2017.10.03"]
[Round "7"]
[White "calemcc"]
[Black "DiogenesSinopeus"]
[Result "0-1"]
[WhiteElo "2171"]
[BlackElo "2348"]
[TimeControl "180+2"]
[EndTime "14:35:08 PDT"]
[Termination "DiogenesSinopeus won by checkmate"]

1. d4 Nf6 2. c4 e6 3. Nf3 Bb4+ 4. Nbd2 b6 5. a3 Bxd2+ 6. Qxd2 Ne4 7. Qc2 Bb7 8. g3 h6 9. Bg2 Ng5 10. Bxg5 hxg5 11.
e4 d6 12. O-O-O Nd7 13. Kb1 Qe7 14. h3 O-O-O 15. Rc1 c5 16. Rhe1 e5 17. d5 Kb8 18.
Qd2 f6 19. Ng1 Bc8 20. f4 exf4 21. gxf4 gxf4 22. Qxf4 g5 23. Qg3 Qe5 24. Qf2 Qd4 25. Qxd4 cxd4 26. Rcd1 Ne5 27. Rxd4 Bd7 28. Rd2 Nxc4 29.
Rf2 Rh6 30. Rc2 Ne5 31. Rf1 Bb5 32. Rd1 Ba4 33. Rf1 Bxc2+ 34. Kxc2 g4 35. Kb1 Nc4 36. hxg4 Nd2+ 37. Ka2 Nxf1 38. Bxf1 Rh1 39. Ne2 Rxf1 40. Nd4 Rg8 41. Nc6+ Kc7 42. Nxa7 Rxg4 43. Nb5+ Kd7 44. Nc3 Rc1 45. Na4 Rxe4 46. Nxb6+ Kd8 47. a4 Rc5 48. b4 Rc3 49. Kb2 Rh3 50. a5 Re2+ 51. Kc1 Rh1# 0-1

[Event "*** MasterClass Titled Tuesday Blitz"]
[Site "Chess.com"]
[Date "2017.10.03"]
[Round "7"]
[White "Msb2"]
[Black "amaidel"]
[Result "1-0"]
[WhiteElo "2622"]
[BlackElo "2427"]
[TimeControl "180+2"]
[EndTime "14:35:27 PDT"]
[Termination "Msb2 won by checkmate"]

1. d4 f5 2. Bg5 Nf6 3. Bxf6 exf6 4. e3 d5 5. c4 Be6 6. Qb3 b6 7. Nc3 c6 8. Nh3 Bd6 9. cxd5 cxd5 10. Bb5+ Kf7 11.
O-O a6 12. Bd3 Nc6 13. a3 Na5 14. Qc2 g6 15. b4 Nc6 16. Ne2 Qd7 17. Nhf4 Rhc8 18.
Qa2 Ne7 19. Nxe6 Qxe6 20. Rac1 a5 21. Qb3 axb4 22. axb4 Rxc1 23. Rxc1 Rc8 24. Rxc8 Qxc8 25. Nc3 Qe6 26. Nxd5 Nxd5 27. Bc4 Kg7 28. Bxd5 Qe7 29. b5 Qc7 30. g3 Qc1+ 31. Kg2 h5 32. h4 g5 33. Bc6 f4 34. Qe6 Qa3 35. Bd5 fxe3 36. Qf7+ Kh6 37. Qxf6+ Kh7 38. Qf7+ Kh6 39. Be4 e2 40.
Qh7# 1-0

[Event "*** MasterClass Titled Tuesday Blitz"]
[Site "Chess.com"]
[Date "2017.10.03"]
[Round "7"]
[White "Dhaydon19"]
[Black "peteseeger"]
[Result "1-0"]
[WhiteElo "2460"]
[BlackElo "2136"]
[TimeControl "180+2"]
[EndTime "14:35:41 PDT"]
[Termination "Dhaydon19 won by resignation"]

1. d4 g6 2. Nf3 Bg7 3. g3 d6 4. Bg2 f5 5. O-O Nf6 6. c4 O-O 7. Nc3 c6 8. d5 e5 9. dxc6 Nxc6 10. Bg5 h6 11. Bxf6 Qxf6 12. Qd5+ Be6 13. Qxd6 Bxc4 14.
Qa3 e4 15. Nd2 Bf7 16. Nb3 Rfd8 17. Rad1 Rxd1 18. Rxd1 Rd8 19. Rc1 Qg5 20. e3 Ne5 21. Qxa7 Nf3+ 22. Bxf3 exf3 23. Qxb7 Bxc3 24. bxc3 Bd5 25.
Qc7 Ra8 26. c4 Qg4 27. Qe5 Bf7 28. Nd4 Rxa2 29. c5 Ra5 30. Qf4 Qh3 31. Qxf3 1-0

[Event "*** MasterClass Titled Tuesday Blitz"]
[Site "Chess.com"]
[Date "2017.10.03"]
[Round "7"]
[White "ZapataCharlesS"]
[Black "BogdanDeac"]
[Result "1-0"]
[WhiteElo "2590"]
[BlackElo "2635"]
[TimeControl "180+2"]
[EndTime "14:35:55 PDT"]
[Termination "ZapataCharlesS won on time"]

1. d4 d5 2. Nf3 Nf6 3. Bf4 c5 4.
c3 Nc6 5. e3 e6 6. Nbd2 cxd4 7.
exd4 Nh5 8. Be3 Bd6 9. Ne5 g6 10.
Nxc6 bxc6 11. Be2 Nf4 12. Bxf4 Bxf4 13. O-O a5 14. g3 Bd6 15. f4 Qb6 16. Qb3 Qa7 17.
Kg2 a4 18. Qc2 O-O 19. Nf3 c5 20. dxc5 Bxc5 21. h4 h5 22. Bd3 Kg7 23. Ne5 Bd6 24. Rae1 d4 25. c4 Bb7+ 26. Kh2 Rac8 27. Qe2 Ba8 28. Nxg6 fxg6 29. Qxe6 Qb7 30. Qxg6+ Kh8 31. Qh6+ Kg8 32. Qg6+ Kh8 33. Qxh5+ Kg8 34. Qg6+ Kh8 35. Rf2 1-0

[Event "*** MasterClass Titled Tuesday Blitz"]
[Site "Chess.com"]
[Date "2017.10.03"]
[Round "7"]
[White "PulpanJ"]
[Black "Bryakin_Mikhail"]
[Result "0-1"]
[WhiteElo "2332"]
[BlackElo "2509"]
[TimeControl "180+2"]
[EndTime "14:35:55 PDT"]
[Termination "Bryakin_Mikhail won by resignation"]

1. d4 d5 2. Bf4 Nf6 3. e3 c5 4. c3 Qb6 5. Qb3 c4 6. Qc2 Nc6 7. Nd2 g6 8. e4 e6 9. e5 Nh5 10. Be3 Bd7 11. Be2 Ng7 12. Bh6 Qd8 13.
Ngf3 b5 14. Bg5 Be7 15. Bxe7 Qxe7 16. a3 a5 17. O-O Nf5 18. Rfe1 h5 19. Nf1 Kf8 20. Ne3 Kg7 21. Nxf5+ exf5 22. h4 Nd8 23. Ng5 Ne6 24. Nxe6+ fxe6 25. g3 g5 26. Kg2 gxh4 27.
Rh1 hxg3 28. fxg3 h4 29. Rh3 hxg3 30. Rxg3+ Kf7 31. Rg1 Rag8 32. Kf1 Rxg3 33. Rxg3 Qh4 34. Rg1 Qe4 35. Qxe4 dxe4 36. Kf2 Rh2+ 37. Ke1 f4 38.
Rg4 f3 39. Bf1 Bc6 40. a4 Rxb2 41. axb5 e3 42. Rf4+ Ke7 0-1

[Event "*** MasterClass Titled Tuesday Blitz"]
[Site "Chess.com"]
[Date "2017.10.03"]
[Round "7"]
[White "DrVelja"]
[Black "oskariot"]
[Result "0-1"]
[WhiteElo "2495"]
[BlackElo "2498"]
[TimeControl "180+2"]
[EndTime "14:35:56 PDT"]
[Termination "oskariot won by resignation"]

1. e4 c5 2. Nf3 e6 3. d4 cxd4 4. Nxd4 Nc6 5. Nc3 Qc7 6. Be3 a6 7. a3 Nf6 8. f4 d6 9. Qf3 Be7 10. O-O-O O-O 11. Be2 Nxd4 12. Bxd4 b5 13. e5 Bb7 14.
Qg3 dxe5 15. Bxe5 Qb6 16. Bd3 Rfd8 17. Rhe1 b4 18. axb4 Qxb4 19. Qh3 h6 20. g4 Rab8 21. g5 Nd7 22. Bxb8 Rxb8 23. Bh7+ Kxh7 24. Rxd7 Qxf4+ 25. Kb1 Qxg5 26. Qd3+ Kg8 27. b3 Bf6 28. Rd1 Qa5 29. Na2 Bd5 30. Rxd5 exd5 31. b4 Rxb4+ 0-1

[Event "*** MasterClass Titled Tuesday Blitz"]
[Site "Chess.com"]
[Date "2017.10.03"]
[Round "7"]
[White "severomorskij"]
[Black "SergeiAza"]
[Result "0-1"]
[WhiteElo "2671"]
[BlackElo "2732"]
[TimeControl "180+2"]
[EndTime "14:36:11 PDT"]
[Termination "SergeiAza won on time"]

1. d4 Nf6 2. Bg5 Ne4 3. Bf4 c5 4. f3 Nf6 5. d5 Nh5 6. Be3 e5 7. Nc3 d6 8. Bf2 Be7 9. g4 Nf4 10. h4 h5 11. e3 Ng6 12. g5 a6 13. a4 f5 14. Bd3 O-O 15. Nge2 Nh8 16. f4 e4 17. Bc4 g6 18. Ng3 Rf7 19. Nxh5 gxh5 20. Qxh5 Rh7 21. Qe2 Bd7 22. h5 Be8 23. Kd2 Bf8 24. Rag1 b5 25. axb5 axb5 26. Bxb5 Rb7 27.
Bxe8 Qxe8 28. g6 Bh6 29. Ra1 Nd7 30. Nb5 Qb8 31. c4 Nf6 32. Kc2 Ng4 33. Be1 Rxa1 34. Rg1 Qa8 35. Rxg4 Qa4+ 36. Kd2 Qb3 0-1